 Dungeon Crawl Stone Soup version 0.29.0-4-gdea44cf6ec (webtiles) character file.

Game seed: 7395672085727444836

96 qw the Chopper (level 4, -5/36 HPs)
             Began as a Barachi Chaos Knight on Sept 4, 2022.
             Killed by nerve-wracking pain
             ... invoked by Grinder
              (6 damage)
             ... on level 3 of the Dungeon.
             The game lasted 00:00:59 (2099 turns).

qw the Chopper (Barachi Chaos Knight)               Turns: 2099, Time: 00:00:59

Health: -5/36      AC: 11    Str: 15    XL:     4   Next: 67%
Magic:  4/4        EV:  4    Int: 13    God:
Gold:   104        SH:  0    Dex: 11    Spells: 3/3 levels left

rFire   . . .      SeeInvis .   Y - +3 hand axe (chaos)
rCold   . . .      Faith    .   (no shield)
rNeg    . . .      Spirit   .   e - +0 plate armour
rPois   .          Reflect  .   (no helmet)
rElec   .          Harm     .   (no cloak)
rCorr   .          Rampage  .   (no gloves)
Will    .....                   (no boots)
Stlth   ..........              (no amulet)
HPRegen 0.12/turn               (no ring)
MPRegen 0.09/turn               (no ring)

@: slow
A: amphibious, slowness 1, strong legs 1, +LOS
a: Hop


You were on level 3 of the Dungeon.
You visited 1 branch of the dungeon, and saw 3 of its levels.

You collected 104 gold pieces.


Innate Abilities, Weirdness & Mutations

You are amphibious.
You cover ground slowly.
You can hop short distances.
You have an extended range of vision and can be seen from far away.


   Skills:
 - Level 3.6 Fighting
 + Level 5.8 Axes
 - Level 2.4 Armour
 - Level 1.1 Dodging


You had 3 spell levels left.
You didn't know any spells.
Your spell library was empty.

Inventory:

Hand Weapons
 n - a +0 mace
 Y - a +3 hand axe of chaos (weapon)
Armour
 e - a +0 plate armour (worn)
Scrolls
 a - a scroll of identify
Potions
 j - a potion of lignification {unknown}
 k - a potion of brilliance {unknown}
Miscellaneous
 c - a piece from Xom's chessboard (15/15)

Dungeon Overview and Level Annotations

Branches:
Dungeon (3/15)

Altars:

Shops:
D:1 ?

Annotations:
D:3 Grinder, Terence


Message History

2080 ||| READING scroll of teleportation.
As you read the scroll of teleportation, it crumbles to dust.
You feel strangely unstable.
You hit the endoplasm.
The endoplasm appears confused.
The endoplasm is moderately wounded.
The endoplasm hits you but does no damage.
You hit the endoplasm.
The endoplasm is almost dead.
The endoplasm hits you but does no damage.
The endoplasm hits itself.
The endoplasm is killed!
You start resting.
Your surroundings suddenly seem different.
You start resting.
Grinder is nearby!
Terence shouts!
You barely miss Grinder.
Grinder is moderately wounded.
Grinder hits you.
You barely miss Grinder.
Grinder is moderately wounded.
Grinder hits you.
You hit Grinder. You burn Grinder.
Grinder is heavily wounded.
Grinder hits you but does no damage.
You slash Grinder! You burn Grinder.
Grinder is severely wounded.
Grinder barely misses you.
You hit Grinder.
Grinder suddenly seems more agile.
Grinder is severely wounded.
Grinder hits you but does no damage.
You hit Grinder. You burn Grinder.
Grinder is almost dead.
Grinder gestures at you. You resist with significant effort.
You miss Grinder.
Grinder is almost dead.
Grinder gestures at you. Pain shoots through your body!
You die...

#.# #.# #.# #.# #.# #.#
#.# ## #.# .# #.....#
#@# .## #.#.....# #5#
..###.#.....# #@...
....#.#..... ..[..
......#..... .....
.###..#.... .......
.%......#.# .(......
........#.# .........#
........#.###.........#


You could see Grinder (agile) and Terence.

Vanquished Creatures
  3 adders
  3 worms
  A dart slug (D:1)
  3 orcs (D:3)
  3 ball pythons
  2 bats
  7 endoplasms
  2 giant cockroaches (D:1)
  3 goblins
  4 hobgoblins
  3 jackals (D:3)
  3 quokkas
  2 frilled lizards
  5 kobolds
  8 rats
52 creatures vanquished.

Notes
Turn   | Place    | Note
-------+----------+-------------------------------------------
     0 | D:1      | qw the Barachi Chaos Knight began the quest for the Orb.
     0 | D:1      | Reached XP level 1. HP: 18/18 MP: 1/1
     0 | D:1      | 0 ||| qw: Version: 0.1-a-103-gd6f5d3a
     0 | D:1      | 0 ||| qw: Game counter: 5384
     0 | D:1      | 0 ||| qw: Always use a shield: true
     0 | D:1      | 0 ||| qw: God list: Okawaru
     0 | D:1      | 0 ||| qw: Allow faded altars: false
     0 | D:1      | 0 ||| qw: Do Orc after D:15 true
     0 | D:1      | 0 ||| qw: Do second Lair branch before Depths: true
     0 | D:1      | 0 ||| qw: Lair rune preference: random
     0 | D:1      | 0 ||| qw: Plans: Normal
     0 | D:1      | 0 ||| PLANNING D:1-11
     0 | D:1      | Fell from the grace of Xom
    42 | D:1      | 42 ||| Stepping ~*~*~tactically~*~*~ (hiding).
   353 | D:1      | XOM: torment (10/18 hp)
   503 | D:1      | 503 ||| Stepping ~*~*~tactically~*~*~ (stealth).
   504 | D:1      | 504 ||| Stepping ~*~*~tactically~*~*~ (stealth).
   508 | D:1      | Reached XP level 2. HP: 19/24 MP: 2/2
   586 | D:1      | 586 ||| Stepping ~*~*~tactically~*~*~ (stealth).
   595 | D:1      | Reached skill level 4 in Axes
   605 | D:1      | XOM: noise
   617 | D:1      | 617 ||| Stepping ~*~*~tactically~*~*~ (stealth).
   626 | D:1      | 626 ||| Stepping ~*~*~tactically~*~*~ (stealth).
   627 | D:1      | 627 ||| Stepping ~*~*~tactically~*~*~ (stealth).
   632 | D:1      | 632 ||| Stepping ~*~*~tactically~*~*~ (stealth).
   716 | D:1      | 716 ||| Stepping ~*~*~tactically~*~*~ (stealth).
   748 | D:1      | 748 ||| Stepping ~*~*~tactically~*~*~ (stealth).
   749 | D:1      | 749 ||| Stepping ~*~*~tactically~*~*~ (stealth).
   883 | D:1      | Found Bazy's Magic Scroll Shoppe.
   894 | D:1      | 894 ||| SHOPLISTING scroll of enchant armour (105 gold,
                  | have 27).
   894 | D:1      | 894 ||| SHOPLISTING scroll of identify (28 gold, have 27).
   932 | D:1      | 932 ||| DROPPING +0 club.
   968 | D:1      | Reached XP level 3. HP: 29/29 MP: 3/3
  1248 | D:1      | 1248 ||| UPGRADING to +0 plate armour.
  1258 | D:1      | 1258 ||| DROPPING +2 leather armour.
  1259 | D:1      | 1259 ||| READING scroll labelled HOYSTR EXTELA.
  1260 | D:1      | 1260 ||| READING 3 scrolls labelled QOSAYMMUWK.
  1261 | D:1      | 1261 ||| READING 2 scrolls of enchant weapon.
  1261 | D:1      | 1261 ||| ENCHANTING +1 hand axe of chaos.
  1262 | D:1      | 1262 ||| READING scroll of enchant weapon.
  1262 | D:1      | 1262 ||| ENCHANTING +2 hand axe of chaos.
  1263 | D:1      | 1263 ||| READING scroll labelled GIENUID XUKOS.
  1264 | D:1      | 1264 ||| READING scroll labelled LUIFASTRIAMA.
  1330 | D:2      | 1330 ||| STAIRDANCE
  1423 | D:2      | 1423 ||| STAIRDANCE
  1525 | D:2      | 1525 ||| STAIRDANCE
  1571 | D:2      | Reached skill level 5 in Axes
  1571 | D:2      | 1571 ||| Stepping ~*~*~tactically~*~*~ (stealth).
  1646 | D:2      | 1646 ||| Stepping ~*~*~tactically~*~*~ (stealth).
  1647 | D:2      | 1647 ||| Stepping ~*~*~tactically~*~*~ (stealth).
  1670 | D:2      | 1670 ||| Stepping ~*~*~tactically~*~*~ (stealth).
  1671 | D:2      | 1671 ||| Stepping ~*~*~tactically~*~*~ (stealth).
  1672 | D:2      | 1672 ||| Stepping ~*~*~tactically~*~*~ (stealth).
  1755 | D:2      | 1755 ||| Stepping ~*~*~tactically~*~*~ (stealth).
  1756 | D:2      | 1756 ||| Stepping ~*~*~tactically~*~*~ (stealth).
  1757 | D:2      | 1757 ||| Stepping ~*~*~tactically~*~*~ (stealth).
  1763 | D:2      | Reached XP level 4. HP: 32/36 MP: 4/4
  1763 | D:2      | 1763 ||| FLEEEEING.
  1918 | D:2      | 1918 ||| READING 3 scrolls labelled DIASHR ESTRETOUPP.
  1919 | D:2      | 1919 ||| READING 2 scrolls labelled RIPSUEL RUEBOME.
  1920 | D:2      | 1920 ||| READING 4 scrolls labelled TAJUETROACW.
  1924 | D:2      | 1924 ||| READING 2 scrolls of identify.
  1924 | D:2      | 1924 ||| IDENTIFYING smoky coppery potion
  1925 | D:2      | 1925 ||| DROPPING scroll of immolation.
  1926 | D:2      | 1926 ||| DROPPING potion of ambrosia.
  1978 | D:3      | 1978 ||| Stepping ~*~*~tactically~*~*~ (stealth).
  1979 | D:3      | 1979 ||| Stepping ~*~*~tactically~*~*~ (stealth).
  1990 | D:3      | 1990 ||| Stepping ~*~*~tactically~*~*~ (stealth).
  1991 | D:3      | 1991 ||| Stepping ~*~*~tactically~*~*~ (stealth).
  1995 | D:3      | 1995 ||| Stepping ~*~*~tactically~*~*~ (stealth).
  1996 | D:3      | 1996 ||| Stepping ~*~*~tactically~*~*~ (stealth).
  1998 | D:3      | 1998 ||| Stepping ~*~*~tactically~*~*~ (stealth).
  2004 | D:3      | 2004 ||| Stepping ~*~*~tactically~*~*~ (stealth).
  2005 | D:3      | 2005 ||| Stepping ~*~*~tactically~*~*~ (stealth).
  2006 | D:3      | 2006 ||| Stepping ~*~*~tactically~*~*~ (stealth).
  2008 | D:3      | 2008 ||| Stepping ~*~*~tactically~*~*~ (stealth).
  2009 | D:3      | 2009 ||| Stepping ~*~*~tactically~*~*~ (stealth).
  2010 | D:3      | 2010 ||| Stepping ~*~*~tactically~*~*~ (stealth).
  2011 | D:3      | 2011 ||| Stepping ~*~*~tactically~*~*~ (stealth).
  2032 | D:3      | XOM: 2-stop teleportation journey
  2056 | D:3      | Noticed Grinder
  2057 | D:3      | 2057 ||| Stepping ~*~*~tactically~*~*~ (hiding).
  2058 | D:3      | Noticed Terence
  2059 | D:3      | 2059 ||| Stepping ~*~*~tactically~*~*~ (stealth).
  2060 | D:3      | 2060 ||| Stepping ~*~*~tactically~*~*~ (stealth).
  2070 | D:3      | HP: 5/36 [Grinder/nerve-wracking pain (6)]
  2071 | D:3      | 2071 ||| READING 3 scrolls of teleportation.
  2072 | D:3      | 2072 ||| Stepping ~*~*~tactically~*~*~ (hiding).
  2074 | D:3      | 2074 ||| READING 2 scrolls of teleportation.
  2080 | D:3      | 2080 ||| READING scroll of teleportation.
  2093 | D:3      | HP: 6/36 [Grinder (2)]
  2094 | D:3      | HP: 1/36 [Grinder (6)]
  2099 | D:3      | Killed from afar by Grinder

Levels and vault maps discovered:
D:1:      psy_arrival_radial01, layout_basic, serial_shops, shop
D:2:      layout_rooms
D:3:      layout_basic, ebering_ecumenical_altar_hall, uniq_terence,
          uniq_grinder

Skill      XL: |  1  2  3 |
---------------+----------+-----
Axes           | 4 5 |  5.8
Fighting       | |  3.6
Armour         | |  2.4
Dodging        | |  1.1

Action                   |  1- 3 |  4- 6 || total
-------------------------+-------+-------++-------
Melee: Hand axe          |    64 |    46 ||   110
Throw: Boomerang         |    63 |    13 ||    76
Invok: Renounce Religion |     1 |       ||     1
  Use: Scroll            |     6 |     7 ||    13
 Stab: Confused          |     1 |       ||     1
Armor: Leather armour    |     8 |       ||     8
       Plate armour      |    25 |    26 ||    51
Dodge: Dodged            |    18 |     3 ||    21

Table legend:
 A = Non-vault XP
 B = Vault XP
 C = Vault XP percentage of total XP
 D = Non-vault monster count
 E = Vault monster count
 F = Vault count percentage of total count
                 A         B        C        D         E       F
            +---------+---------+-------+---------+---------+-------
      Total |     138 |       0 |   0.0 |      52 |       0 |   0.0
            +---------+---------+-------+---------+---------+-------
        D:1 |      56 |       0 |   0.0 |      23 |       0 |   0.0
        D:2 |      41 |       0 |   0.0 |      17 |       0 |   0.0
        D:3 |      41 |       0 |   0.0 |      12 |       0 |   0.0
            +---------+---------+-------+---------+---------+-------
